 Dungeon Crawl Stone Soup version 0.29.0-4-gdea44cf6ec (webtiles) character file.

Game seed: 9407849809868991298

48 qw the Chopper (level 3, 0/21 HPs)
             Began as a Tengu Warper on Aug 28, 2022.
             Succumbed to their own poison gas
             ... on level 2 of the Dungeon.
             The game lasted 00:00:09 (1895 turns).

qw the Chopper (Tengu Warper)                       Turns: 1895, Time: 00:00:10

Health: 0/21       AC:  8    Str: 10 (13) XL:     3   Next: 72%
Magic:  7/7        EV:  8    Int: 12 (13) God:
Gold:   95         SH:  0    Dex: 10 (13) Spells: 6/6 levels left

rFire   . . .      SeeInvis .   Y - +0 hand axe
rCold   . . .      Faith    .   (no shield)
rNeg    . . .      Spirit   .   j - +0 scale mail
rPois   .          Reflect  .   i - +2 hat
rElec   .          Harm     .   (no cloak)
rCorr   .          Rampage  .   (no gloves)
Will    .....                   (boots unavailable)
Stlth   ..........              (no amulet)
HPRegen 0.07/turn               (no ring)
MPRegen 0.10/turn               (no ring)

@: lethally poisoned (0 -> -3), hasted, very quick
A: beak, talons 3
a: no special abilities


You were on level 2 of the Dungeon.
You visited 1 branch of the dungeon, and saw 2 of its levels.

You collected 95 gold pieces.


Innate Abilities, Weirdness & Mutations

You have a beak for a mouth.
You have claws for feet.


   Skills:
 - Level 2.0 Fighting
 + Level 4.3 Axes
 - Level 1.0 Throwing
 - Level 1.1 Armour
 - Level 2.1 Dodging
 - Level 2.0 Spellcasting
 - Level 2.4 Translocations


You had 6 spell levels left.
You didn't know any spells.
Your spell library contained the following spells:

 Spells                   Type           Power      Damage    Failure   Level
 Blink                    Tloc           12%        N/A       73%         2
 Gell's Gravitas          Tloc           6%         N/A       91%         3
 Lesser Beckoning         Tloc           6%         N/A       91%         3
 Teleport Other           Tloc           6%         N/A       91%         3
 Manifold Assault         Tloc           6%         N/A       100%        5

Inventory:

Hand Weapons
 c - a +0 club
 Y - a +0 hand axe (weapon)
Armour
 i - a +2 hat (worn)
 j - a +0 scale mail (worn)
Scrolls
 a - a scroll of identify
Potions
 e - a potion of curing {unknown}
 g - a potion of haste
 h - a potion of heal wounds {unknown}
 k - a potion of resistance {unknown}

Dungeon Overview and Level Annotations

Branches:
Dungeon (2/15)

Altars:

Shops:
D:1 !


Message History

You kill your butterfly!
Your butterfly disappears in a burst of colours!
Your butterfly is poisoned.
Your butterfly is engulfed in poison gas.
Your butterfly is poisoned.
You kill your butterfly!
Your butterfly disappears in a burst of colours!
Your butterfly looks even sicker.
Done exploring.
(D) Dungeon
Where to? (* - list waypoints, Enter - D:2, ? - help)
What level of the Dungeon? (default 1, ? - help) Sorry, I don't know how to get there.
Done exploring.
1885 ||| Stepping randomly (stuck).
Really walk into that cloud of poison gas?
You are engulfed in poison gas.
You are poisoned.
You feel very sick.
You kill your butterfly!
Your butterfly disappears in a burst of colours!
1886 ||| Stepping ~*~*~tactically~*~*~ (cloud).
You feel sick.
There is a lethal amount of poison in your body!
You feel sick.
There is a lethal amount of poison in your body!
You feel sick.
There is a lethal amount of poison in your body!
You feel sick.
There is a lethal amount of poison in your body!
You feel sick.
There is a lethal amount of poison in your body!
You feel sick.
There is a lethal amount of poison in your body!
You feel sick.
There is a lethal amount of poison in your body!
You feel sick.
There is a lethal amount of poison in your body!
You feel sick.
There is a lethal amount of poison in your body!
You die...

#...:...............###.#.
###.###.................#.
#.###.##.........#.####.
#.##....####..........#.
#.#...#.# #.#####.##.#.
#######<#¤..#.#####......##.##
#.......#00.#.........###.....
#.#######00¤#######..####...##
#.# #0¤¤0@¤¤¤##.....'...). #.#
#000¤0¤¤¤##.....#...## #.#
##0¤¤¤0¤0##.....#...##
#.########¤¤¤¤00000.....#...##
#.......0¤000¤0¤0##0¤...#...#.
##########¤000¤¤0##.0...#...#.
#¤¤0¤000##.....#...#.
#¤0¤00¤0##..(..#...#.
#.......##.....#...#.


There were no monsters in sight!

Vanquished Creatures
  An adder (D:2)
  A dart slug (D:1)
  5 bats
  4 endoplasms (D:1)
  2 goblins (D:2)
  5 hobgoblins
  2 quokkas (D:1)
  3 ball pythons (D:1)
  A frilled lizard (D:2)
  4 kobolds
  6 rats
34 creatures vanquished.

Notes
Turn   | Place    | Note
-------+----------+-------------------------------------------
     0 | D:1      | qw the Tengu Warper began the quest for the Orb.
     0 | D:1      | Reached XP level 1. HP: 12/12 MP: 4/4
     0 | D:1      | 0 ||| qw: Version: 0.1-a-89-g26bdef1
     0 | D:1      | 0 ||| qw: Game counter: 644
     0 | D:1      | 0 ||| qw: Always use a shield: true
     0 | D:1      | 0 ||| qw: God list: Okawaru
     0 | D:1      | 0 ||| qw: Allow faded altars: false
     0 | D:1      | 0 ||| qw: Do Orc after D:15 true
     0 | D:1      | 0 ||| qw: Do second Lair branch before Depths: true
     0 | D:1      | 0 ||| qw: Lair rune preference: random
     0 | D:1      | 0 ||| qw: Plans: Normal
     0 | D:1      | 0 ||| PLANNING D:1-11
   111 | D:1      | 111 ||| Stepping ~*~*~tactically~*~*~ (stealth).
   114 | D:1      | 114 ||| Stepping ~*~*~tactically~*~*~ (stealth).
   125 | D:1      | Reached skill level 3 in Axes
   125 | D:1      | Reached XP level 2. HP: 11/17 MP: 6/6
   695 | D:1      | Found a faded altar of an unknown god.
   697 | D:1      | 697 ||| Stepping ~*~*~tactically~*~*~ (stealth).
   700 | D:1      | 700 ||| Stepping ~*~*~tactically~*~*~ (stealth).
   705 | D:1      | 705 ||| Stepping ~*~*~tactically~*~*~ (stealth).
   763 | D:1      | Reached XP level 3. HP: 20/21 MP: 7/7
   858 | D:1      | Found Jiogauf's Distillery.
   876 | D:1      | 876 ||| SHOPLISTING 2 potions of haste (260 gold, have 16).
   876 | D:1      | 876 ||| SHOPLISTING potion of curing (39 gold, have 16).
   876 | D:1      | 876 ||| SHOPLISTING potion of haste (130 gold, have 16).
   876 | D:1      | 876 ||| SHOPLISTING potion of might (52 gold, have 16).
   876 | D:1      | 876 ||| SHOPLISTING potion of resistance (130 gold, have
                  | 16).
   900 | D:1      | 900 ||| UPGRADING to +2 hat.
   905 | D:1      | 905 ||| DROPPING ring of magical power.
   906 | D:1      | 906 ||| READING 2 scrolls labelled NUIMUN OLAFUE.
   907 | D:1      | 907 ||| DRINKING 2 metallic white potions.
   908 | D:1      | 908 ||| DROPPING scroll of blinking.
   909 | D:1      | 909 ||| DROPPING potion of degeneration.
   998 | D:2      | Reached skill level 4 in Axes
   998 | D:2      | 998 ||| Stepping ~*~*~tactically~*~*~ (stealth).
  1867 | D:2      | 1867 ||| UPGRADING to +0 scale mail.
  1877 | D:2      | 1877 ||| DROPPING +0 leather armour.
  1878 | D:2      | 1878 ||| READING scroll labelled WITIOLLIOF.
  1879 | D:2      | 1879 ||| READING scroll labelled ZITZITS KIETE.
  1882 | D:2      | 1882 ||| READING scroll labelled TAECASTIW IPEM.
  1883 | D:2      | 1883 ||| READING scroll labelled BIUG ISASOQ.
  1884 | D:2      | 1884 ||| DRINKING 2 purple potions.
  1885 | D:2      | 1885 ||| Stepping randomly (stuck).
  1886 | D:2      | 1886 ||| Stepping ~*~*~tactically~*~*~ (cloud).
  1890 | D:2      | HP: 5/21 [poisoned by you (poison gas)]
  1893 | D:2      | HP: 2/21 [poisoned by you (poison gas)]
  1895 | D:2      | Succumbed to their own poison gas

Levels and vault maps discovered:
D:1:      minmay_arrival_plants_in_alcoves, layout_basic,
          nicolae_ecumenical_snake_handling, serial_shops, nicolae_shop_stone
D:2:      layout_basic

Skill      XL: |  1  2  3 |
---------------+----------+-----
Axes           | 3 4 |  4.3
Fighting       | |  2.0
Throwing       | |  1.0
Armour         | |  1.1
Dodging        | |  2.1
Spellcasting   | |  2.0
Translocations | |  2.4

Action                   || total
-------------------------++-------
Melee: Hand axe          ||    76
       Kick              ||    17
       Peck              ||     7
Throw: Boomerang         ||     7
  Use: Scroll            ||     5
       Potion            ||     2
Armor: Leather armour    ||    22
Dodge: Dodged            ||    33

Table legend:
 A = Non-vault XP
 B = Vault XP
 C = Vault XP percentage of total XP
 D = Non-vault monster count
 E = Vault monster count
 F = Vault count percentage of total count
                 A         B        C        D         E       F
            +---------+---------+-------+---------+---------+-------
      Total |      66 |       3 |   4.3 |      32 |       2 |   5.9
            +---------+---------+-------+---------+---------+-------
        D:1 |      38 |       3 |   7.3 |      21 |       2 |   8.7
        D:2 |      28 |       0 |   0.0 |      11 |       0 |   0.0
            +---------+---------+-------+---------+---------+-------
